 Dungeon Crawl Stone Soup version 0.23.2-30-g0e89c35649 (webtiles) character file.

Game seed: 8489988412755637256

518 Matador8 the Purveyor of Pain (level 7, -6/46 HPs)
             Began as a Vampire Necromancer on June 24, 2019.
             Was an Initiate of Kikubaaqudgha.
             Mangled by an orc warrior
             ... wielding a +0 battleaxe
              (19 damage)
             ... on level 6 of the Dungeon.
             The game lasted 00:32:05 (6757 turns).

Matador8 the Purveyor of Pain (Vampire Necromancer) Turns: 6757, Time: 00:32:05

Health: -6/46      AC:  2    Str:  8      XL:     7   Next: 1%
Magic:  13/13      EV: 12    Int: 18      God:    Kikubaaqudgha [......]
Gold:   234        SH:  0    Dex:  9 (15) Spells: 6/14 levels left

rFire    . . .     SeeInvis +   a - +3 short sword
rCold    + . .     Gourm    .   (no shield)
rNeg     + + .     Faith    .   d - +0 robe
rPois    +         Spirit   .   (no helmet)
rElec    .         Reflect  .   (no cloak)
rCorr    .         Harm     .   (no gloves)
MR       .....                  (no boots)
Stlth    +++.......             (no amulet)
HPRegen  0.07/turn              (no ring)
MPRegen  0.13/turn              (no ring)

@: regenerating slowly
A: fangs 3, see invisible, unbreathing
a: Bat Form, Renounce Religion


You were on level 6 of the Dungeon.
You worshipped Kikubaaqudgha.
Kikubaaqudgha was noncommittal.
You were thirsty.

You visited 1 branch of the dungeon, and saw 6 of its levels.

You collected 234 gold pieces.

Inventory:

Hand Weapons
 a - a +3 short sword (weapon)
 b - a +0 dagger of venom
 n - a +2 whip of electrocution
Armour
 d - a +0 robe (worn)
 g - a +0 shield
Jewellery
 v - an uncursed ring of positive energy {unknown}
 y - a cursed ring of teleportation {unknown}
Wands
 w - a wand of digging (5)
 x - a wand of scattershot (3)
Scrolls
 f - 2 scrolls of amnesia
 j - a scroll of blinking {unknown}
 l - a scroll of noise {unknown}
 m - 5 scrolls of teleportation
 o - 2 scrolls of fear {unknown}
 q - a scroll of magic mapping {unknown}
 s - a scroll of immolation {unknown}
 t - 3 scrolls of remove curse
Potions
 c - a potion of blood
 e - 4 potions of heal wounds
 i - a potion of haste {unknown}
 k - 4 potions of brilliance
 p - 3 potions of flight
 r - a potion of degeneration {unknown}
 u - a potion of curing
 z - a potion of agility {unknown}


   Skills:
 - Level 3.0 Short Blades
 - Level 2.1 Dodging
 + Level 4.0 Stealth
 * Level 4.4 Spellcasting
 + Level 6.8 Necromancy


You had 6 spell levels left.
You knew the following spells:

 Your Spells              Type           Power        Failure   Level  Hunger
a - Pain                  Necr           ####         1%          1    None
b - Animate Skeleton      Necr           N/A          1%          1    None
c - Vampiric Draining     Necr           ####......   2%          3    ###....
d - Regeneration          Chrm/Necr      ###.......   11%         3    ###....

Your spell library contained the following spells:

 Spells                   Type           Power        Failure   Level  Hunger
 Animate Dead             Necr           N/A          9%          4    ####...


Dungeon Overview and Level Annotations

Branches:
Dungeon (6/15)             Temple (0/1) D:5

Altars:
Fedhas
Kikubaaqudgha
Ru

Annotations:
D:6 1 runed translucent door


Innate Abilities, Weirdness & Mutations

You heal slowly.
You have razor-sharp teeth.
You have supernaturally acute eyesight. (SInv)
You can survive without breathing.


Message History

You are feeling thirsty.
There is an open door here.
There is an open door, spattered with blood here.
Things that are here:
a +0 club; a +0 leather armour; a +0 club You open the door.
There is an open door here.
There is a stone staircase leading down here.
You can't go up here!
There is a stone staircase leading down here.
You climb downwards. 3 orcs and an orc warrior come into view.
The orc warrior hits you with a +0 battleaxe!
* * * LOW HITPOINT WARNING * * *
The orc shouts!
Found a club.
Found a runed translucent gate.
There is a stone staircase leading up here.
The orc warrior hits you with a +0 battleaxe!!
You die...
Kikubaaqudgha rasps: "You have failed me!
Welcome... oblivion!"

#### #..
#######.#####
......o@....#
....o.oo###...)
+###..#.# # .
##...# # .^#
#..# ##.# #..


You could see an orc warrior and 3 orcs.

Vanquished Creatures
  An ice beast (D:5)
  A scorpion (D:4)
  A crimson imp (D:5)
  A bullfrog zombie (D:5)
  2 orc priests
  An orc wizard (D:4)
  An iguana (D:4)
  2 worker ants
  Robin (D:3)
  4 adders
  3 worms
  3 dart slugs
  2 leopard geckos
  11 orcs
  4 bats
  3 giant cockroaches
  9 hobgoblins
  4 jackals (D:2)
  6 kobolds
  3 quokkas
  A ball python skeleton (D:5)
  4 frilled lizards
  14 goblins
  A jackal skeleton (D:4)
  A leopard gecko zombie (D:5)
  5 rats
89 creatures vanquished.

Vanquished Creatures (collateral kills)
  A goblin (D:3)
1 creature vanquished.

Grand Total: 90 creatures vanquished

Notes
Turn   | Place    | Note
-------+----------+-------------------------------------------
     0 | D:1      | Matador8 the Vampire Necromancer began the quest for the
                  | Orb.
     0 | D:1      | Reached XP level 1. HP: 13/13 MP: 3/3
   730 | D:1      | Reached XP level 2. HP: 14/19 MP: 5/5
   742 | D:1      | Reached skill level 1 in Short Blades
  1077 | D:1      | Learned a level 1 spell: Animate Skeleton
  1497 | D:2      | Reached XP level 3. HP: 11/24 MP: 2/6
  1761 | D:2      | Learned a level 3 spell: Vampiric Draining
  2592 | D:3      | Reached XP level 4. HP: 25/30 MP: 8/8
  2704 | D:3      | Noticed Robin
  2936 | D:3      | Found a sacrificial altar of Ru.
  2957 | D:3      | Reached skill level 5 in Necromancy
  3432 | D:3      | Killed Robin
  3751 | D:3      | Found a faded altar of an unknown god.
  4321 | D:4      | Found an ancient bone altar of Kikubaaqudgha.
  4330 | D:4      | Became a worshipper of Kikubaaqudgha
  4535 | D:4      | Reached XP level 5. HP: 32/35 MP: 2/9
  5358 | D:4      | Reached skill level 6 in Necromancy
  5358 | D:4      | Reached XP level 6. HP: 33/41 MP: 4/11
  5682 | D:5      | Entered Level 5 of the Dungeon
  5721 | D:5      | Learned a level 3 spell: Regeneration
  6220 | D:5      | Noticed an ice beast
  6281 | D:5      | Killed an ice beast
  6351 | D:5      | Found a staircase to the Ecumenical Temple.
  6439 | D:5      | Reached XP level 7. HP: 41/46 MP: 13/13
  6540 | D:5      | Found a blossoming altar of Fedhas.
  6756 | D:6      | Found a runed translucent gate.
  6757 | D:6      | Mangled by an orc warrior

Skill      XL: |  1  2  3  4  5  6 |
---------------+-------------------+-----
Short Blades   | 1 2 3 |  3.0
Necromancy     | 5 6 |  6.8
Spellcasting   | 3 4 |  4.4
Stealth        | 4 |  4.0
Dodging        | |  2.1

Action                   |  1- 3 |  4- 6 |  7- 9 || total
-------------------------+-------+-------+-------++-------
Melee: Short sword       |    96 |    63 |    10 ||   169
       Bite              |     3 |     6 |     4 ||    13
       Dagger            |       |    33 |    16 ||    49
 Cast: Pain              |    17 |    33 |       ||    50
       Vampiric Draining |     1 |    17 |       ||    18
       Animate Skeleton  |     1 |     4 |       ||     5
       Regeneration      |       |     1 |       ||     1
 Abil: End Transformatio |       |     1 |       ||     1
       Bat Form          |       |     1 |       ||     1
  Use: Potion            |     5 |     9 |     1 ||    15
       Scroll            |       |     5 |     2 ||     7
 Stab: Sleeping          |     9 |     8 |     2 ||    19
       Distracted        |       |     1 |       ||     1
Armor: Robe              |     8 |    12 |    22 ||    42
Dodge: Dodged            |    65 |    52 |    43 ||   160
